 Dungeon Crawl Stone Soup version 0.28.0-53-g5a82cb258f (webtiles) character file.

Game seed: 6180372183490373760

92 gobodom the Skirmisher (level 4, -6/35 HPs)
             Began as a Demonspawn Cinder Acolyte on June 21, 2022.
             Was a High Priest of Ignis.
             Splashed by a jelly's acid (9 damage)
             ... on level 3 of the Dungeon.
             The game lasted 00:08:05 (2852 turns).

gobodom the Skirmisher (Demonspawn Cinder Acolyte)  Turns: 2852, Time: 00:08:10

Health: -6/35      AC:  1    Str: 15    XL:     4   Next: 35%
Magic:  3/6        EV: 11    Int: 15    God:    Ignis [*****.]
Gold:   145        SH:  0    Dex: 10    Spells: 3/5 levels left

rFire   + . .      SeeInvis .   a - -1 hand axe (flame)
rCold   . . .      Faith    .   (no shield)
rNeg    . . .      Spirit   .   b - +0 robe
rPois   .          Reflect  .   (no helmet)
rElec   .          Harm     .   (no cloak)
rCorr   .          Rampage  .   (no gloves)
Will    .....                   p - +0 pair of boots
Stlth   +.........              (no amulet)
HPRegen 0.11/turn               (no ring)
MPRegen 0.10/turn               (no ring)

@: corroded
A: slimy green scales 1
a: Renounce Religion, Fiery Armour, Foxfire Swarm, Rising Flame


You were on level 3 of the Dungeon.
You worshipped Ignis.
Ignis was extremely pleased with you.
You visited 1 branch of the dungeon, and saw 3 of its levels.

You collected 145 gold pieces.

Inventory:

Hand Weapons
 a - a -1 hand axe of flaming (weapon)
 h - a +2 whip of venom
 t - a +0 short sword of venom
Missiles
 g - a throwing net
 i - 3 boomerangs
 k - 13 poisoned darts
Armour
 b - a +0 robe (worn)
 f - an orb of energy
 p - a +0 pair of boots (worn)
Scrolls
 d - a scroll of immolation {unknown}
 e - a scroll of noise {unknown}
 m - a scroll of identify {unknown}
 n - a scroll of fear {unknown}
 o - a scroll of amnesia {unknown}
 r - a scroll of magic mapping {unknown}
 s - a scroll of vulnerability {unknown}
Potions
 c - a potion of berserk rage {unknown}
 j - a potion of ambrosia {unknown}
 l - a potion of brilliance {unknown}
 q - a potion of curing {unknown}


   Skills:
 + Level 3.4 Fighting
 + Level 3.4 Axes
 + Level 0.6 Dodging
 + Level 0.8 Stealth
 + Level 1.4 Spellcasting
 + Level 3.3 Fire Magic


You had 3 spell levels left.
You knew the following spells:

 Your Spells              Type           Power      Damage    Failure   Level
a - Scorch                Fire           22%        2d6       9%          2

Your spell library contained the following spells:

 Spells                   Type           Power      Damage    Failure   Level
 Sublimation of Blood     Necr           1%         N/A       34%         2
 Wereblood                Tmut           1%         N/A       34%         2
 Dazzling Flash           Conj/Hex       2%         N/A       56%         3
 Agony                    Necr           1%         N/A       100%        5
 Silence                  Hex/Air        0%         N/A       100%        5
 Summon Hydra             Summ           0%         N/A       100%        7


Dungeon Overview and Level Annotations

Branches:
Dungeon (3/15)

Altars:

Shops:
D:2 *


Innate Abilities, Weirdness & Mutations

You are partially covered in slimy green scales. (AC +2)


Message History

The fungus begins to die.
You burn the fungus.
A nearby fungus withers and dies.
The endoplasm hits the fungus.
The endoplasm closely misses you. The endoplasm freezes you.
You are frozen.
You hit the endoplasm but do no damage. You hit the fungus but do no damage.
You hit the endoplasm. You burn the endoplasm.
The endoplasm hits the fungus.
The endoplasm freezes you.
You are frozen.
The endoplasm hits the fungus.
The fungus begins to die.
The endoplasm closely misses you.
You hit the endoplasm. You burn the endoplasm.
You kill the endoplasm!
You hit the endoplasm but do no damage. You hit the fungus.
You burn the fungus. The endoplasm freezes you.
You are frozen.
You hit the endoplasm. You burn the endoplasm.
The endoplasm is heavily wounded.
You hit the fungus but do no damage. You hit the endoplasm.
You burn the endoplasm.
You kill the endoplasm!
A nearby fungus withers and dies. x2
A nearby fungus withers and dies.
You hit the jelly. You burn the jelly. The acid corrodes you!
Your hands burn!
The jelly is moderately wounded.
The jelly hits you.
You are splashed with acid.
You hit the jelly but do no damage.
Your hands burn!
The jelly is lightly wounded.
The jelly barely misses you.
You hit the jelly. You burn the jelly.
Your hands burn!
* * * LOW HITPOINT WARNING * * *
The jelly is moderately wounded.
The jelly closely misses you.
You hit the jelly but do no damage.
Your hands burn!
* * * LOW HITPOINT WARNING * * *
The jelly is moderately wounded.
The jelly hits you.
* * * LOW HITPOINT WARNING * * *
You are splashed with acid!
You die...

.......#.###.....####.....[#####.
.......#.##.......# ###....# #.
.......#.##.......# ####.#####.
.......#.##.......# #.##....
.######..##.......# ######.#[.#..
.######.######....# #............
.....##.###..'....# #.##########.
>.......##.######## #.# ##.
......#####...).@## #.# #..
##....# #######J# #.# #..
##....### .P..JJ.JJ##.# #..
........# .....J...##.####### #..
.#....#.# ÷....P...##.......# #..
.#....#.# .÷.P.P.P.##.#####.# #..
.######.# .÷...P...##.#...#.# #..
..### #.# ?......P÷##..[....# ##.
....###.# ###########.....### #.


You could see a jelly and 2 endoplasms.

Vanquished Creatures
  4 adders (D:2)
  3 dart slugs
  An orc (D:3)
  6 endoplasms
  2 giant cockroaches (D:2)
  3 goblins
  4 hobgoblins
  2 ball pythons
  2 bats
  4 frilled lizards
  12 kobolds
  7 rats
50 creatures vanquished.

Vanquished Creatures (others)
  4 fungi (D:3)
  4 toadstools (D:3)
8 creatures vanquished.

Grand Total: 58 creatures vanquished

Notes
Turn   | Place    | Note
-------+----------+-------------------------------------------
     0 | D:1      | gobodom the Demonspawn Cinder Acolyte began the quest for
                  | the Orb.
     0 | D:1      | Reached XP level 1. HP: 18/18 MP: 2/2
   739 | D:1      | Gained mutation: You are partially covered in slimy green
                  | scales. (AC +2) [demonic ancestry]
   739 | D:1      | Reached XP level 2. HP: 16/24 MP: 3/3
   742 | D:1      | Learned a level 2 spell: Scorch
  1020 | D:1      | Found a faded altar of an unknown god.
  1257 | D:2      | Found Neph's Assorted Antiques.
  1311 | D:2      | Reached XP level 3. HP: 27/29 MP: 0/4
  2193 | D:2      | Reached XP level 4. HP: 26/35 MP: 2/5
  2363 | D:2      | You fall into a shaft and drop 1 floor!
  2852 | D:3      | Splashed by a jelly's acid

Illustrated notes

Levels and vault maps discovered:
D:1:      minmay_arrival_four_loops, layout_basic,
          shapermc_ecumenical_altar_ellora
D:2:      layout_loops_ring, serial_shops, nicolae_shop_trees
D:3:      cheibrodos_fertilizer, layout_basic

Skill      XL: |  1  2 |
---------------+-------+-----
Axes           | 3 |  3.4
Fire Magic     | 3 |  3.3
Fighting       | |  3.4
Dodging        | |  0.6
Stealth        | |  0.8
Spellcasting   | |  1.4

Action                   |  1- 3 |  4- 6 || total
-------------------------+-------+-------++-------
Melee: Hand axe          |    94 |    27 ||   121
 Cast: Scorch            |    11 |     7 ||    18
 Stab: Sleeping          |       |     1 ||     1
Armor: Robe              |    34 |    11 ||    45
Dodge: Dodged            |    65 |    16 ||    81
